 Dungeon Crawl Stone Soup version 0.21.1-1-g345015f (webtiles) character file.

10 Supreme the Chiller (level 2, -3/20 HPs)
             Began as a Ghoul Ice Elementalist on Apr 22, 2018.
             Killed from afar by a dart slug (6 damage)
             ... with a slug dart
             ... on level 1 of the Dungeon.
             The game lasted 00:03:06 (245 turns).

Supreme the Chiller (Ghoul Ice Elementalist)         Turns: 245, Time: 00:03:07

Health: -3/20      AC:  2    Str: 11    XL:     2   Next: 20%
Magic:  0/3        EV: 12    Int: 10    God:
Gold:   23         SH:  0    Dex:  9    Spells: 1/4 levels left

rFire    . . .     SeeInvis .   i - +0 dagger
rCold    + . .     Gourm    .   (no shield)
rNeg     + + +     Faith    .   a - +0 robe
rPois    ∞         Spirit   .   (no helmet)
rElec    .         Reflect  .   (no cloak)
rCorr    .         Harm     .   (no gloves)
MR       .....                  (no boots)
Stlth    ++........             (no amulet)
HPRegen  0.00/turn              (no ring)
MPRegen  0.08/turn              (no ring)

@: rotting
A: rotting body, claws 1, carnivore, cold resistance 1, negative energy
resistance 3, inhibited regeneration, torment resistance, unbreathing
a: no special abilities


You were on level 1 of the Dungeon.
You were not hungry.

You visited 1 branch of the dungeon, and saw 1 of its levels.

You collected 23 gold pieces.

Inventory:

Hand Weapons
 i - a +0 dagger (weapon)
Missiles
 g - 19 arrows
 j - 4 stones (quivered)
Armour
 a - a +0 robe (worn)
Scrolls
 f - a scroll of identify {unknown}
Potions
 d - 2 potions of agility {unknown}
 e - 4 potions of heal wounds {unknown}
 h - a potion of flight {unknown}
 k - a potion of haste {unknown}
Books
 b - a book of Frost

   Spells                             Type                      Level
   a - Freeze                         Ice                          1
   b - Throw Frost                    Conjuration/Ice              2
   c - Ozocubu's Armour               Charms/Ice                   3
   d - Throw Icicle                   Conjuration/Ice              4
   e - Summon Ice Beast               Ice/Summoning                4
Comestibles
 c - a ration


   Skills:
 + Level 1.8 Dodging
 + Level 2.3 Stealth
 + Level 1.9 Spellcasting
 + Level 0.7 Conjurations
 + Level 3.7 Ice Magic


You had one spell level left.
You knew the following spells:

 Your Spells              Type           Power        Failure   Level  Hunger
a - Freeze                Ice            #...         7%          1    ##.....
b - Throw Frost           Conj/Ice       #.....       19%         2    ###....


Dungeon Overview and Level Annotations

Branches:
Dungeon (1/15)

Altars:


Innate Abilities, Weirdness & Mutations

Your body is rotting away.
You thrive on raw meat.
You are immune to poison.
You have sharp fingernails.
You are carnivorous and can eat meat at any time.
Your flesh is cold resistant. (rC+)
You are immune to negative energy. (rN+++)
You do not regenerate when monsters are visible.
You are immune to unholy pain and torment.
You can survive without breathing.


Message History

The dart slug launches a dart at you. The slug dart hits you!
* * * LOW HITPOINT WARNING * * *
Casting: Freeze
Confirm with . or Enter, or press ? or * to list all spells.
Aiming: Freeze
Press: ? - help, Shift-Dir - straight line, f - dart slug
Aim: a dart slug (clinging)
You freeze the dart slug.
The dart slug is moderately wounded.
Casting: Freeze
Confirm with . or Enter, or press ? or * to list all spells.
Aiming: Freeze
Press: ? - help, Shift-Dir - straight line, f/p - dart slug
Aim: a dart slug (moderately wounded, clinging)
You freeze the dart slug.
The dart slug is almost dead.
The dart slug launches a dart at you. The slug dart hits you!
You die...

##..........##
#..♣......♣..## #
#.......(.....#
######.............#
........♣......♣...#
#######............#
# #...♣..♣.....# #
#........w...# #
#..#....##@### #
#.########.# # #.#
#.# # #.########.##
# #...........# #
#.#######...# # #.#
#.#.# #
#.#######...# #
#......###..#


You could see a dart slug.

Vanquished Creatures
  A leopard gecko (D:1)
  A ball python (D:1)
  A hobgoblin (D:1)
  4 bats (D:1)
  A kobold (D:1)
  2 rats (D:1)
10 creatures vanquished.

Notes
Turn   | Place    | Note
-------+----------+-------------------------------------------
     0 | D:1      | Supreme the Ghoul Ice Elementalist began the quest for the Orb.
     0 | D:1      | Reached XP level 1. HP: 14/14 MP: 2/2
   175 | D:1      | Reached XP level 2. HP: 16/20 MP: 0/3
   180 | D:1      | Learned a level 2 spell: Throw Frost
   245 | D:1      | Killed from afar by a dart slug

Action                   || total
-------------------------++-------
Melee: Dagger            ||    16
       Unarmed           ||     1
 Cast: Freeze            ||    11
 Stab: Sleeping          ||     2
  Eat: Chunk             ||     3
Armor: Robe              ||     4
Dodge: Dodged            ||    14
